 Dungeon Crawl Stone Soup version 0.30-a0-305-g026cb31310 (webtiles) character file.

Game seed: 7159566251463570532

15631 loralnil the Unseen (level 12, -1/51 HPs)
             Began as a Spriggan Enchanter on Oct 21, 2022.
             Was a Priest of Dithmenos.
             Slain by a yaktaur captain (20 damage)
             ... on level 13 of the Dungeon.
             The game lasted 00:20:49 (11094 turns).

loralnil the Unseen (Spriggan Enchanter)           Turns: 11094, Time: 00:20:50

Health: -1/51      AC: 10    Str:  4    XL:     12   Next: 2%
Magic:  9/19       EV: 21    Int: 16    God:    Dithmenos [***...]
Gold:   745        SH:  0    Dex: 27    Spells: 14/19 levels left

rFire   . . .      SeeInvis +    s - +4 dagger (protect)
rCold   . . .      Faith    .    (no shield)
rNeg    . . .      Spirit   .    l - +1 robe "Faelatug" {Will+ rCorr}
rPois   .          Reflect  .    (helmet restricted)
rElec   .          Harm     .    C - +2 cloak {Will+}
rCorr   +          Rampage  .    (gloves unavailable)
Will    ++++.                    (boots unavailable) Stlth *+++++++++
                                 A - amulet of the acrobat
HPRegen 0.28/turn                g - +4 ring of protection
MPRegen 0.16/turn                z - +6 ring of dexterity

@: wreathed by umbra, very quick
A: very small, no large weapons, unfitting armour, see invisible, speed 3
a: Renounce Religion, Shadow Step


You were on level 13 of the Dungeon.
You worshipped Dithmenos.
Dithmenos was most pleased with you.
You visited 2 branches of the dungeon, and saw 13 of its levels.

You collected 775 gold pieces.
You spent 30 gold pieces at shops.

Inventory:

Hand Weapons
 a - a +1 dagger
 s - a +4 dagger of protection (weapon)
Missiles
 u - 3 throwing nets (quivered)
Armour
 l - the +1 robe "Faelatug" (worn) {Will+ rCorr}
   (You found it on level 2 of the Dungeon)

   rCorr:     It protects you from acid and corrosion.
   Will:      It increases your willpower.
 C - a +2 cloak of willpower (worn)
Jewellery
 g - a +4 ring of protection (left hand)
 z - a +6 ring of dexterity (right hand)
 A - an amulet of the acrobat (around neck)
Wands
 f - a wand of charming (3)
 r - a wand of quicksilver (2)
 v - a wand of polymorph (2)
 w - a wand of flame (29)
 y - a wand of mindburst (5)
Scrolls
 b - 3 scrolls of immolation
 d - 2 scrolls of vulnerability
 j - 3 scrolls of magic mapping
 m - 2 scrolls of fog
 n - 4 scrolls of teleportation
 B - a scroll of brand weapon {unknown}
 E - a scroll of enchant armour
 F - 2 scrolls of poison {unknown}
 H - 2 scrolls of blinking {unknown}
Potions
 c - 3 potions of invisibility
 e - 5 potions of heal wounds
 h - 8 potions of curing
 i - 4 potions of cancellation
 k - 2 potions of might
 o - a potion of brilliance {unknown}
 p - 2 potions of lignification
 q - 3 potions of ambrosia
 t - 2 potions of attraction
 x - 2 potions of haste
 D - 2 potions of resistance
 G - a potion of berserk rage {unknown}


   Skills:
 + Level 13.9 Short Blades
 - Level 4.3 Dodging
 + Level 19.5 Stealth
 - Level 4.0 Spellcasting
 - Level 5.5 Hexes
 - Level 5.0 Ice Magic


You had 14 spell levels left.
You knew the following spells:

 Your Spells              Type           Power      Damage    Failure   Level
a - Ensorcelled Hibernat  Hex/Ice        40%        N/A       3%          2
b - Confusing Touch       Hex            21%        N/A       5%          3

Your spell library contained the following spells:

 Spells                   Type           Power      Damage    Failure   Level
 Tukima's Dance           Hex            21%        N/A       5%          3
 Dazzling Flash           Conj/Hex       24%        N/A       16%         3
 Sandblast                Erth           6%         2d5       17%         1
 Cigotuvi's Dreadful Rot  Necr/Pois/Air  6%         N/A       26%         2
 Passwall                 Tmut/Erth      2%         N/A       26%         2
 Poisonous Vapours        Pois/Air       6%         N/A       26%         2
 Mephitic Cloud           Conj/Pois/Air  3%         N/A       45%         3
 Stone Arrow              Conj/Erth      6%         3d7       45%         3
 Summon Ice Beast         Ice/Summ       11%        N/A       52%         4
 Summon Mana Viper        Hex/Summ       12%        N/A       83%         5
 Fireball                 Conj/Fire      1%         3d3       99%         5
 Iskenderun's Battlesphe  Conj           3%         2d6       99%         5
 Conjure Ball Lightning   Conj/Air       1%         3x3d6     100%        6
 Monstrous Menagerie      Summ           1%         N/A       100%        7
 Orb of Destruction       Conj           1%         9d5       100%        7


Dungeon Overview and Level Annotations

Branches:
Dungeon (13/15)            Temple (1/1) D:7            Lair (0/5) D:9
    Orc (0/2) D:12
 Vaults: D:13-14

Altars:
Ashenzari
Cheibriados
Dithmenos
Elyvilon
Fedhas
Gozag
Hepliaklqana
Kikubaaqudgha
Makhleb
Nemelex Xobeh
Okawaru
Qazlal
Ru
Sif Muna
Trog
Uskayaw
Vehumet
Wu Jian
Xom
Yredelemnul
Zin
The Shining One

Shops:
D:1 *   D:7 (

Annotations:
D:9 exclusion: 2 oklob plants


Innate Abilities, Weirdness & Mutations

You are very small and have problems with some larger weapons.
You are too small for most types of armour.
You have supernaturally acute eyesight. (SInv)
You cover ground extremely quickly. (Speed+++)


Message History

You start waiting.
A yaktaur captain is nearby!
The yaktaur captain unwields a +0 arbalest.
The yaktaur captain completely misses you.
Casting: Ensorcelled Hibernation (safe; 3% risk of failure)
Confirm with . or Enter, or press ? or * to list all spells.
Aiming: Ensorcelled Hibernation (safe; 3% risk of failure)
Press: ? - help, Shift-Dir - straight line, f - yaktaur captain
Aim: a yaktaur captain (umbra, chance to affect: 20%)
The yaktaur captain resists with almost no effort.
The yaktaur captain completely misses you.
Casting: Ensorcelled Hibernation (safe; 3% risk of failure)
Confirm with . or Enter, or press ? or * to list all spells.
Aiming: Ensorcelled Hibernation (safe; 3% risk of failure)
Press: ? - help, Shift-Dir - straight line, f/p - yaktaur captain
Aim: a yaktaur captain (umbra, chance to affect: 20%)
The yaktaur captain resists with almost no effort.
The yaktaur captain hits you!
Casting: Ensorcelled Hibernation (safe; 3% risk of failure)
Confirm with . or Enter, or press ? or * to list all spells.
Aiming: Ensorcelled Hibernation (safe; 3% risk of failure)
Press: ? - help, Shift-Dir - straight line, f/p - yaktaur captain
Aim: a yaktaur captain (umbra, chance to affect: 20%)
The yaktaur captain resists with almost no effort.
The yaktaur captain hits you!!
Casting: Ensorcelled Hibernation (safe; 3% risk of failure)
Confirm with . or Enter, or press ? or * to list all spells.
Aiming: Ensorcelled Hibernation (safe; 3% risk of failure)
Press: ? - help, Shift-Dir - straight line, f/p - yaktaur captain
Aim: a yaktaur captain (umbra, chance to affect: 20%)
The yaktaur captain resists with almost no effort.
The yaktaur captain hits you but does no damage.
Casting: Ensorcelled Hibernation (safe; 3% risk of failure)
Confirm with . or Enter, or press ? or * to list all spells.
Aiming: Ensorcelled Hibernation (safe; 3% risk of failure)
Press: ? - help, Shift-Dir - straight line, f/p - yaktaur captain
Aim: a yaktaur captain (umbra, chance to affect: 20%)
The yaktaur captain resists with almost no effort.
The yaktaur captain hits you!!
You die...

#..######..
#.........
######.......#
.............#
.............#
...[.........+
.............####
.........<.......
.......@######...
......c.#####
#######.#...##
#.'....##
#.#.....##########
#.##.....#........
#.###....+.#)...†#
#.# ##...#........
#.. #############


You could see a yaktaur captain.

Vanquished Creatures
  A catoblepas (D:13)
  3 boulder beetles
  3 two-headed ogres
  Pikel (D:6)
  An orc knight (D:12)
  A wolf spider (D:13)
  2 manticores (D:12)
  Joseph (D:7)
  An unseen horror (D:12)
  A komodo dragon (D:12)
  3 trolls
  A hornet (D:10)
  A culicivora (shapeshifter) (D:13)
  A centaur simulacrum (D:13)
  2 wraiths (D:12)
  3 shadows
  12 yaks
  4 steam dragons
  A wyvern (D:9)
  A basilisk (D:12)
  3 vampire mosquitoes (D:12)
  3 acid dragons
  2 water moccasins
  2 sky beasts
  2 black bears
  An ice beast (D:5)
  3 orc warriors
  2 centaurs (D:6)
  2 ogres
  2 kobold brigands (D:10)
  Blork the orc (D:6)
  6 bullfrogs
  A gnoll sergeant (D:9)
  5 scorpions
  5 wights (D:8)
  A killer bee (D:10)
  3 howler monkeys
  4 jellies
  2 orc priests
  Crazy Yiuf (D:6)
  3 hounds (D:4)
  2 iguanas
  2 gnoll boudas
  10 orc wizards
  13 gnolls
  3 adders
  2 shadow imps
  2 white imps
  4 worms
  A dart slug (D:1)
  38 orcs
  5 bats
  4 endoplasms
  7 giant cockroaches
  A hobgoblin (D:1)
  2 quokkas (D:4)
  4 ball pythons
  7 frilled lizards
  4 goblins
  6 kobolds
  A rat (D:1)
216 creatures vanquished.

Vanquished Creatures (others)
  11 plants (D:9)
11 creatures vanquished.

Grand Total: 227 creatures vanquished

Notes
Turn   | Place    | Note
-------+----------+-------------------------------------------
     0 | D:1      | loralnil the Spriggan Enchanter began the quest for the
                  | Orb.
     0 | D:1      | Reached XP level 1. HP: 9/9 MP: 5/5
   188 | D:1      | Reached XP level 2. HP: 12/13 MP: 6/6
   239 | D:1      | Found Qoetall's General Store.
   669 | D:1      | Bought a potion of curing for 30 gold pieces
   944 | D:2      | Reached XP level 3. HP: 16/16 MP: 8/8
   947 | D:2      | Learned a level 2 spell: Ensorcelled Hibernation
   951 | D:2      | Learned a level 3 spell: Confusing Touch
  1007 | D:2      | Noticed a floating eye
  1009 | D:2      | Found a faded altar of an unknown god.
  1011 | D:2      | Noticed a golden eye
  1011 | D:2      | Noticed a golden eye
  1011 | D:2      | Noticed a shining eye
  1020 | D:2      | Identified the +1 robe "Faelatug" {Will+ rCorr}
  1641 | D:3      | Reached skill level 5 in Stealth
  1643 | D:3      | Reached XP level 4. HP: 18/21 MP: 6/10
  2345 | D:3      | Found a sacrificial altar of Ru.
  2543 | D:4      | Reached XP level 5. HP: 18/24 MP: 8/11
  2638 | D:4      | Reached skill level 6 in Stealth
  2893 | D:4      | Reached XP level 6. HP: 28/28 MP: 6/13
  3141 | D:4      | Reached skill level 7 in Stealth
  3329 | D:5      | Entered Level 5 of the Dungeon
  3464 | D:5      | Reached skill level 5 in Hexes
  3919 | D:5      | Reached XP level 7. HP: 29/32 MP: 0/14
  4188 | D:5      | Reached skill level 8 in Stealth
  4472 | D:6      | Reached skill level 1 in Ice Magic
  4625 | D:6      | Reached skill level 5 in Short Blades
  4731 | D:6      | Found a runed translucent door.
  4732 | D:6      | Noticed Crazy Yiuf
  4881 | D:6      | Reached skill level 9 in Stealth
  4887 | D:6      | Reached XP level 8. HP: 36/36 MP: 8/15
  5020 | D:6      | Noticed Pikel
  5041 | D:6      | Killed Pikel
  5042 | D:6      | Reached skill level 10 in Stealth
  5157 | D:6      | Noticed Blork the orc
  5168 | D:6      | Killed Blork the orc
  5381 | D:6      | Reached skill level 11 in Stealth
  5554 | D:6      | Killed Crazy Yiuf
  5555 | D:6      | Reached XP level 9. HP: 39/39 MP: 16/16
  5668 | D:7      | Found a staircase to the Ecumenical Temple.
  5694 | Temple   | Entered the Ecumenical Temple
  5813 | Temple   | Became a worshipper of Dithmenos the Shadowed
  5992 | D:7      | Noticed Joseph
  6140 | D:7      | Found Zaokhluts's Antique Weapon Shoppe.
  6354 | D:7      | Reached * piety under Dithmenos
  6606 | D:7      | Killed Joseph
  6607 | D:7      | Reached skill level 12 in Stealth
  6677 | D:7      | Reached skill level 5 in Ice Magic
  6800 | D:8      | Reached skill level 13 in Stealth
  6998 | D:8      | Reached XP level 10. HP: 44/44 MP: 2/17
  7747 | D:8      | Reached skill level 14 in Stealth
  8082 | D:9      | Reached ** piety under Dithmenos
  8090 | D:9      | Reached skill level 10 in Short Blades
  8211 | D:9      | Noticed a two-headed ogre
  8219 | D:9      | Killed a two-headed ogre
  8220 | D:9      | Reached skill level 15 in Stealth
  8274 | D:9      | Noticed an oklob plant
  8664 | D:9      | Noticed an oklob plant
  8696 | D:9      | Found a staircase to the Lair.
  8752 | D:10     | Entered Level 10 of the Dungeon
  9015 | D:10     | Reached skill level 16 in Stealth
  9209 | D:10     | Reached XP level 11. HP: 47/47 MP: 13/18
  9521 | D:10     | Noticed a two-headed ogre
  9527 | D:10     | Killed a two-headed ogre
  9528 | D:10     | Reached skill level 17 in Stealth
  9745 | D:10     | You fall into a shaft and drop 2 floors!
  9767 | D:12     | Noticed a boulder beetle
  9778 | D:12     | Killed a boulder beetle
 10122 | D:12     | Found a staircase to the Orcish Mines.
 10126 | D:12     | Noticed an orc knight
 10134 | D:12     | Killed an orc knight
 10202 | D:12     | Reached skill level 18 in Stealth
 10288 | D:12     | Reached *** piety under Dithmenos
 10694 | D:13     | Noticed a catoblepas
 10696 | D:13     | Killed a catoblepas
 10849 | D:13     | Noticed a two-headed ogre
 10849 | D:13     | Noticed a boulder beetle
 10851 | D:13     | Killed a two-headed ogre
 10852 | D:13     | Reached skill level 19 in Stealth
 10860 | D:13     | Killed a boulder beetle
 10901 | D:13     | Noticed a boulder beetle
 10903 | D:13     | Noticed an eight-headed hydra
 10903 | D:13     | Noticed a yaktaur captain
 10903 | D:13     | Noticed a wolf spider
 10905 | D:13     | Killed a boulder beetle
 10906 | D:13     | Killed a wolf spider
 10907 | D:13     | Reached XP level 12. HP: 34/51 MP: 19/19
 11094 | D:13     | Slain by a yaktaur captain

Illustrated notes

Levels and vault maps discovered:
D:1:      minmay_arrival_widening_spiral_wide, layout_basic, serial_shops,
          nicolae_shop_waterfront
D:2:      layout_basic, hellmonk_ecumenical_altar_watching_god
D:3:      layout_loops_ring, nicolae_ru_the_path_less_chosen,
          roderic_serpentine_path, kennysheep_donut, minmay_misc_feat_encased
D:4:      layout_loops_ring
D:5:      layout_loops_ring
D:6:      layout_gridville, uniq_pikel, uniq_crazy_yiuf_cottage,
          uniq_blork_the_orc
D:7:      layout_loops_ring, minmay_temple_entry_drinking_statues, serial_shops,
          nicolae_shop_behind_doors, uniq_joseph
D:8:      layout_basic, serial_aquarium, aquarium_bridge_long_joined
          [aquarium_subvault_wall, aquarium_subvault_wall,
          aquarium_subvault_wall, aquarium_subvault_bridge,
          aquarium_subvault_balcony, aquarium_subvault_bridge],
          aquarium_window_1, aquarium_window_corner, aquarium_window_fake,
          aquarium_view_2c, minivault_25
D:9:      layout_basic, lair_entry_dummy, disabler_island
D:10:     minmay_s_stair_smasher, layout_irregular_city, serial_rivers,
          chequers_serial_rivers_large_b, chequers_serial_rivers_small_b,
          chequers_serial_rivers_room_b, chequers_serial_rivers_large_a
D:12:     layout_gridville, orc_david_3
D:13:     evilmike_horseshoe, layout_irregular_city, david_vaults_4,
          uniq_maurice
Temple:   mainiacjoe_temple_hex_bubbles

Skill      XL: |  1  2  3  4  5  6  7  8  9 10 11 |
---------------+----------------------------------+-----
Dodging        | 3 4 |  4.3
Spellcasting   | 3 4 |  4.0
Hexes          | 4 5 |  5.5
Stealth        | 5 6 7 9 11 13 16 19 | 19.5
Short Blades   | 2 3 4 5 7 9 11 13 | 13.9
Ice Magic      | 2 4 5 |  5.0

Action                   |  1- 3 |  4- 6 |  7- 9 | 10-12 || total
-------------------------+-------+-------+-------+-------++-------
Melee: Dagger            |    95 |   131 |   229 |   216 ||   671
       Punch             |     2 |     2 |     4 |     1 ||     9
 Cast: Ensorcelled Hiber |     2 |    36 |    63 |    87 ||   188
       Confusing Touch   |       |       |     1 |     5 ||     6
  Use: Scroll            |     2 |     3 |     3 |    12 ||    20
 Stab: Sleeping          |    12 |    21 |    33 |    68 ||   134
       Confused          |       |       |     2 |     5 ||     7
       Distracted        |       |       |     3 |     2 ||     5
Armor: Robe              |    13 |    38 |    49 |    29 ||   129
Dodge: Dodged            |    56 |   141 |   173 |   156 ||   526

Table legend: (Time is in decaauts)
 A = Elapsed time spent in this place.
 B = Non-inter-level travel time spent in this place.
 C = Inter-level travel time spent in this place.
 D = Time resting spent in this place.
 E = Time spent auto-exploring this place.
 F = Levels seen in this place.
 G = Mean time per level.
                   A        B        C        D        E       F      G
               +--------+--------+--------+--------+--------+-----+--------+
         Total |   8026 |   7843 |    183 |    536 |   5717 |  13 |  617.4 |
       Dungeon |   7866 |   7683 |    183 |    536 |   5594 |  12 |  655.5 |
        Temple |    160 |    160 |      0 |      0 |    123 |   1 |  160.0 |
               +--------+--------+--------+--------+--------+-----+--------+

Top non-repeatable levels by time:
     D:4: 912 daAuts
     D:6: 892 daAuts
     D:8: 854 daAuts
    D:12: 777 daAuts
    D:10: 763 daAuts
     D:7: 664 daAuts
     D:5: 645 daAuts
     D:3: 564 daAuts
     D:9: 556 daAuts
     D:1: 505 daAuts
     D:2: 471 daAuts
    D:13: 258 daAuts
  Temple: 160 daAuts
